 Dungeon Sprint DCSS version 0.30.0-5-g1a98f26d00 (webtiles) character file.

Game seed: 10832652757063695423

9930 EarthwalkerPL the Severer (level 11, -16/111 HPs)
             Began as a Minotaur Fighter on May 8, 2023.
             Was the Champion of Qazlal.
             Killed from afar by an ironbound frostheart (38 damage)
             ... by creeping frost
             ... in the Dungeon (Sprint V: "Ziggurat Sprint").
             The game lasted 00:07:38 (467 turns).

EarthwalkerPL the Severer (Minotaur Fighter)         Turns: 467, Time: 00:07:38

Health: -16/111    AC: 32    Str: 32    XL:     11   Next: 29%
Magic:  0/16       EV: 11    Int:  5    God:    Qazlal [******]
Gold:   0          SH: 24    Dex: 15    Spells: 10/10 levels left

rFire   . . .        H - +16 obsidian axe {drain, demonic, Mesm Drain Fly SInv}
rCold   . . .        D - +3 kite shield
rNeg    + + .        I - +15 Maxwell's patent armour {-Cast -Tele rElec Will+ rCorr}
rPois   .            (helmet restricted)
rElec   +            (no cloak)
rCorr   +            (no gloves)
SInv    +            (no boots)
Will    +....        n - amulet "Fytanemn" {Spirit rN++} Stlth
                     t - +6 ring of dexterity
HPRegen 0.38/turn    x - +6 ring of strength
MPRegen 0.15/turn

%: no teleportation, no spellcasting, repel missiles, guardian spirit
@: flying, mesmerised, studying 2 skills
A: horns 2, retaliatory headbutt
a: Renounce Religion, Upheaval, Elemental Force, Disaster Area


You were in the Dungeon.
You worshipped Qazlal.
Qazlal was exalted by your worship.
You visited 1 branch

Inventory:

Hand Weapons
 a - a +0 war axe
 G - a +5 broad axe
 H - the +16 obsidian axe (weapon) {drain, demonic, Mesm Drain Fly SInv}
   (You found it in the Dungeon)

   Mesm:      Its wielder is mesmerised by any visible foes, and it cannot be
   unequipped while any foes are visible.
   SInv:      It lets you see invisible.
   Fly:       It grants you flight.
   Drain:     It drains your maximum health when unequipped.
 K - the +11 Singing Sword {sonic wave}
   (You found it in the Dungeon)
 L - the +7 great mace "Firestarter" {flame, immolate, rFlCloud rF++}
   (You found it in the Dungeon)

   rFlCloud:  It grants immunity to clouds of flame.
   rF:        It greatly protects you from fire.
 M - the +8 lance "Wyrmbane" {slay drac, rPois rF+ rC+ AC+3}
   (You found it in the Dungeon)

   AC:        It affects your AC (+3).
   rF:        It protects you from fire.
   rC:        It protects you from cold.
   rPois:     It protects you from poison.
 N - the +9 sword of Power {lifebolt}
   (You found it in the Dungeon)
 O - the +9 sword of Zonguldrok {reap}
   (You found it in the Dungeon)
 T - the +8 Wrath of Trog {antimagic, *Rage Rampage}
   (You found it in the Dungeon)

   It causes slowness and exhaustion when equipped.
   It extends the wielder's berserk rage when killing foes.
   *Rage:     It berserks you when you make melee attacks (+50% chance).
   Rampage:   It bestows one free step when moving towards enemies.
Armour
 b - a +0 scale mail
 c - a +0 buckler
 D - a +3 kite shield (worn)
 E - a +3 tower shield
 F - a +5 crystal plate armour
 I - the +15 Maxwell's patent armour (worn) {-Cast -Tele rElec Will+ rCorr}
   (You found it in the Dungeon)

   rElec:     It insulates you from electricity.
   -Cast:     It prevents spellcasting.
   -Tele:     It prevents most forms of teleportation.
   rCorr:     It protects you from acid and corrosion.
   Will:      It increases your willpower.
 J - the +18 shield of the Gong {Loud rN+ Will+ rCorr EV-5}
   (You found it in the Dungeon)

   Loud:      It is deafeningly noisy when blocking attacks.
   EV:        It affects your evasion (-5).
   rN:        It protects you from negative energy.
   rCorr:     It protects you from acid and corrosion.
   Will:      It increases your willpower.
Jewellery
 n - the amulet "Fytanemn" (around neck) {Spirit rN++}
   (You found it in the Dungeon)

   [amulet of guardian spirit]

   It causes incoming damage to be divided between your reserves of health and
   magic.
   rN:        It greatly protects you from negative energy.
 s - a ring of flight
 t - a +6 ring of dexterity (left hand)
 u - a +6 ring of dexterity
 v - a +6 ring of intelligence
 w - a +6 ring of intelligence
 x - a +6 ring of strength (right hand)
 y - a +6 ring of strength
 P - a ring of fire
 Q - a +5 ring of evasion
 R - the ring of Otwext {rF+ Int+2 SInv}
   (You found it in the Dungeon)

   [ring of see invisible]

   Int:       It affects your intelligence (+2).
   rF:        It protects you from fire.
   SInv:      It lets you see invisible.
 S - a ring of protection from cold
Wands
 z - a wand of flame (32)
 A - a wand of mindburst (7)
 B - a wand of iceblast (7)
 C - a wand of quicksilver (7)
Scrolls
 j - 4 scrolls of blinking
 o - 4 scrolls of amnesia
 p - 7 scrolls of fog
 q - 5 scrolls of identify
 r - 2 scrolls of fear
Potions
 d - 6 potions of might
 e - 10 potions of curing
 f - 16 potions of heal wounds
 g - 6 potions of haste
 h - 7 potions of magic
 i - 3 potions of berserk rage
 k - 2 potions of brilliance
 l - 2 potions of invisibility
 m - 4 potions of resistance


   Skills:
 + Level 14.7 Fighting
 + Level 17.8 Axes
 * Level 16.5 Armour
 * Level 6.2 Dodging
 + Level 14.3 Shields
 * Level 9.1 Invocations


You had 10 spell levels left.
You didn't know any spells.
Your spell library contained the following spells:

 Spells                   Type           Power      Damage    Failure   Level
 Necrotise                Necr           0%         1d4       97%         1
 Scorch                   Fire           0%         2d5       99%         2
 Vampiric Draining        Necr           0%         2d6       100%        3
 Volatile Blastmotes      Fire/Tloc      0%         2d10      100%        3
 Animate Dead             Necr           0%         N/A       100%        4
 Sticky Flame             Conj/Fire      0%         2d3       100%        4
 Borgnjor's Vile Clutch   Necr/Erth      0%         N/A       100%        5
 Fireball                 Conj/Fire      0%         3d3       100%        5
 Summon Forest            Summ/Tloc      0%         N/A       100%        5
 Death Channel            Necr           0%         N/A       100%        6
 Borgnjor's Revivificati  Necr           0%         N/A       100%        8
 Infestation              Necr           0%         N/A       100%        8


Dungeon Overview and Level Annotations

Branches:
Dungeon (1/1)

Altars:
Ashenzari
Cheibriados
Dithmenos
Elyvilon
Fedhas
Gozag
Hepliaklqana
Kikubaaqudgha
Makhleb
Nemelex Xobeh
Okawaru
Qazlal
Ru
Sif Muna
Trog
Uskayaw
Vehumet
Wu Jian
Xom
Yredelemnul
Zin
The Shining One
Jiyva
Lugonu


Innate Abilities, Weirdness & Mutations

You have a pair of horns on your head.
You reflexively headbutt those who attack you in melee.


Message History

The ironbound frostheart is severely wounded.
Unknown command.
You slice the ironbound frostheart!!
You are no longer entranced.
You kill the ironbound frostheart!
Qazlal accepts your kill.
Visions of slaying the wizard flood into your mind.
The ironbound frostheart calls freezing cold from the walls.
The frost grips you!
* * * LOW HITPOINT WARNING * * *
Your Dodging skill increases to level 6!
You slice the wizard!!
You break out of your daze!
You kill the wizard!
Qazlal accepts your kill.
Visions of slaying the great orb of eyes flood into your mind.
Your Invocations skill increases to level 9!
Unknown command.
You slash the vault warden!
The vault warden is lightly wounded.
You slice the great orb of eyes!!
You block the great orb of eyes's attack.
You block the vault warden's attack.
Unknown command.
You slice the vault warden!! You drain the vault warden.
You headbutt the vault warden.
The vault warden is heavily wounded.
You slash the great orb of eyes!
Unknown command.
You closely miss the vault warden.
The vault warden is heavily wounded.
You hit the great orb of eyes but do no damage.
You drain the great orb of eyes.
Visions of slaying the vault warden flood into your mind.
The ice encasing you melts away.
The great orb of eyes bites you but does no damage.
You block the vault warden's attack.
The ironbound frostheart calls freezing cold from the walls.
The frost grips you!!!
You die...

▓..8©8..
▓..):)|[..▓..))|..
▓...|=|...▓..))...
▓.........▓.......
▓.........▓.......
▓..p......▓..†....
▓pp.......▓....†..
▓p▓.....▓.▓.▓...▓.
▓@Gp.©....▓...©...
▓▓▓▓▓▓▓▓▓▓▓▓▓▓▓▓▓▓


You could see a vault warden (mesmerising, drained), a vault guard, a great orb
of eyes (drained), an ironbound frostheart, a vault sentinel and an ironbound
convoker.

Vanquished Creatures
  A vault warden (D)
  An ironbound preserver (D)
  2 vault guards (D)
  An ironbound frostheart (D)
  A deep elf knight (D)
  A wizard (D)
  2 deep elf zephyrmancers (D)
  A deep elf pyromancer (D)
  2 yaktaurs (D)
  3 tarantellas (D)
  2 hornets (D)
  A jumping spider (D)
  3 spriggans (D)
  A yak (D)
  A naga (D)
  A water moccasin (D)
  2 black bears (D)
  2 bullfrogs (D)
  An earth elemental (D)
  A scorpion (D)
  An adder (D)
  3 ball pythons (D)
  3 jackals (D)
37 creatures vanquished.

Vanquished Creatures (collateral kills)
  An ironbound thunderhulk (D)
  A jumping spider (D)
  A wolf (D)
  A scorpion (D)
4 creatures vanquished.

Grand Total: 41 creatures vanquished

Notes
Turn   | Place    | Note
-------+----------+-------------------------------------------
     0 | D        | EarthwalkerPL the Minotaur Fighter began the quest for the
                  | Orb.
     0 | D        | Reached XP level 1. HP: 19/19 MP: 0/0
     0 | D        | Found a shimmering blue altar of Sif Muna.
     0 | D        | Found a sacrificial altar of Ru.
     0 | D        | Found a bloodstained altar of Trog.
     0 | D        | Found a stormy altar of Qazlal.
     0 | D        | Found an iron altar of Okawaru.
     0 | D        | Found a sparkling altar of Nemelex Xobeh.
     0 | D        | Found a blossoming altar of Fedhas.
     0 | D        | Found the +6 Majin-Bo {spellvamp, MP+6 Int+6}
     0 | D        | Found the +27 heavy crossbow "Sniper" {heavy, Acc+∞ SInv}
     0 | D        | Found the +10 dark maul {heavy}
     0 | D        | Found the +15 Maxwell's patent armour {-Cast -Tele rElec
                  | Will+ rCorr}
     0 | D        | Found the +18 shield of the Gong {Loud rN+ Will+ rCorr
                  | EV-5}
     0 | D        | Found the +16 obsidian axe {drain, demonic, Mesm Drain Fly
                  | SInv}
     0 | D        | Found the +7 great mace "Firestarter" {flame, immolate,
                  | rFlCloud rF++}
     0 | D        | Found the +6 shillelagh "Devastator" {shatter}
     0 | D        | Found the +11 plutonium sword {Contam Stlth-}
     0 | D        | Found the +8 lance "Wyrmbane" {slay drac, rPois rF+ rC+
                  | AC+3}
     0 | D        | Found the +9 sword of Zonguldrok {reap}
     0 | D        | Found the +13 scythe of Curses {drain, curses, Drain}
     0 | D        | Found the +9 sword of Power {lifebolt}
     0 | D        | Found the +7 mace of Variability {chaos, chaos arc}
     0 | D        | Found the +11 Singing Sword {sonic wave}
     0 | D        | Found the +8 storm bow {elec, penet}
     2 | D        | Found a transporter.
     2 | D        | Found an ancient bone altar of Kikubaaqudgha.
     2 | D        | Found a viscous altar of Jiyva.
     2 | D        | Found a corrupted altar of Lugonu.
     2 | D        | Found a hazy altar of Hepliaklqana.
     2 | D        | Found a burning altar of Makhleb.
     2 | D        | Found an opulent altar of Gozag.
    64 | D        | Reached skill level 9 in Axes
    64 | D        | Reached XP level 2. HP: 26/26 MP: 1/1
    74 | D        | Became a worshipper of Qazlal Stormbringer
    82 | D        | Entered arena 2.
    82 | D        | Noticed a water moccasin
    82 | D        | Found a transporter.
    86 | D        | Killed a water moccasin
    87 | D        | Reached skill level 5 in Fighting
    87 | D        | Reached XP level 3. HP: 37/37 MP: 2/2
    87 | D        | Reached XP level 4. HP: 44/44 MP: 3/3
    93 | D        | Entered arena 3.
    93 | D        | Noticed a tarantella
    93 | D        | Noticed a jumping spider
    93 | D        | Noticed a tarantella
    93 | D        | Found a transporter.
    97 | D        | Killed a tarantella
    97 | D        | Reached * piety under Qazlal
    98 | D        | Reached skill level 10 in Axes
    98 | D        | Reached XP level 5. HP: 44/53 MP: 4/4
    98 | D        | Reached XP level 6. HP: 50/61 MP: 5/5
    98 | D        | Killed a tarantella
    99 | D        | Reached skill level 11 in Axes
    99 | D        | Reached XP level 7. HP: 58/70 MP: 6/6
    99 | D        | Killed a jumping spider
   100 | D        | Reached skill level 10 in Armour
   105 | D        | Got the Discursus on Unhallowed Rituals and Arson
   112 | D        | Entered arena 4.
   112 | D        | Noticed a tarantella
   112 | D        | Noticed a jumping spider
   112 | D        | Found a transporter.
   115 | D        | Reached ** piety under Qazlal
   116 | D        | Reached skill level 10 in Fighting
   116 | D        | Reached skill level 10 in Shields
   116 | D        | Killed a jumping spider
   117 | D        | Reached skill level 12 in Axes
   117 | D        | Killed a tarantella
   118 | D        | Reached XP level 8. HP: 74/81 MP: 7/7
   126 | D        | Got the amulet "Fytanemn" {Spirit rN++}
   133 | D        | Entered arena 5.
   133 | D        | Found the +7 lajatang of Order {silver, rMut}
   133 | D        | Found a transporter.
   136 | D        | Reached *** piety under Qazlal
   140 | D        | Reached skill level 1 in Invocations
   148 | D        | Entered arena 6.
   148 | D        | Noticed a deep elf zephyrmancer
   148 | D        | Noticed a deep elf zephyrmancer
   148 | D        | Noticed a deep elf pyromancer
   148 | D        | Noticed a deep elf knight
   148 | D        | Found a transporter.
   152 | D        | Killed a deep elf zephyrmancer
   152 | D        | Reached **** piety under Qazlal
   155 | D        | Reached skill level 13 in Axes
   155 | D        | Killed a deep elf pyromancer
   156 | D        | Reached XP level 9. HP: 70/90 MP: 6/10
   156 | D        | Killed a deep elf zephyrmancer
   158 | D        | Killed a deep elf knight
   159 | D        | Reached skill level 14 in Axes
   159 | D        | Reached skill level 5 in Invocations
   166 | D        | Got the Monograph on the Warped Cemetery
   169 | D        | Entered arena 7.
   169 | D        | Noticed a spriggan rider
   169 | D        | Noticed a spriggan rider
   170 | D        | Found a transporter.
   172 | D        | Reached ***** piety under Qazlal
   179 | D        | Killed a spriggan rider
   180 | D        | Reached skill level 15 in Axes
   180 | D        | Reached skill level 15 in Armour
   180 | D        | Reached XP level 10. HP: 91/101 MP: 7/14
   187 | D        | Got the Catalogue of Despair
   193 | D        | Entered arena 8.
   194 | D        | Found a transporter.
   198 | D        | Reached ****** piety under Qazlal
   214 | D        | Entered arena 9.
   214 | D        | Found the +8 Wrath of Trog {antimagic, *Rage Rampage}
   214 | D        | Noticed a vault guard
   214 | D        | Noticed a vault warden
   214 | D        | Noticed an ironbound preserver
   214 | D        | Noticed an ironbound thunderhulk
   214 | D        | Noticed a vault guard
   224 | D        | Killed a vault guard
   227 | D        | Killed a vault guard
   228 | D        | Reached skill level 16 in Axes
   228 | D        | Killed a vault warden
   232 | D        | Killed an ironbound preserver
   233 | D        | Reached skill level 17 in Axes
   233 | D        | Reached skill level 5 in Dodging
   233 | D        | Reached XP level 11. HP: 7/110 MP: 1/16
   236 | D        | Found a transporter.
   243 | D        | Killed an ironbound thunderhulk
   247 | D        | Got the ring of Otwext {rF+ Int+2 SInv}
   454 | D        | Entered arena 10.
   454 | D        | Noticed a wizard
   454 | D        | Noticed an ironbound frostheart
   454 | D        | Noticed an ironbound frostheart
   454 | D        | Noticed an ironbound convoker
   454 | D        | Noticed a vault warden
   454 | D        | Noticed a great orb of eyes
   454 | D        | Noticed a vault guard
   463 | D        | Killed an ironbound frostheart
   464 | D        | Killed a wizard
   467 | D        | Killed from afar by an ironbound frostheart

Illustrated notes

Levels and vault maps discovered:
D:        sprint_v [room_start, room_1, room_2, room_3, room_4, room_5, room_6,
          room_7, room_8, room_9, room_10, room_11, room_12, room_13, room_14,
          room_15, room_16, room_17, room_18, room_19, room_20, room_21,
          room_22, room_23, room_24, room_25, room_26, room_27]

Skill      XL: |  1  2  3  4  5  6  7  8  9 10 11 |
---------------+----------------------------------+-----
Axes           | 9 10 11 12 13 15 17 | 17.8
Fighting       | 5 8 9 10 12 13 14 | 14.7
Armour         | 6 8 9 11 13 15 16 | 16.5
Shields        | 6 8 9 10 11 13 14 | 14.3
Invocations    | 3 6 8 9 |  9.1
Dodging        | 5 6 |  6.2

Action                     |  1- 3 |  4- 6 |  7- 9 | 10-12 || total
---------------------------+-------+-------+-------+-------++-------
  Melee: Broad axe         |     4 |     3 |    21 |    28 ||    56
         Headbutt          |       |       |     4 |     8 ||    12
    Use: Potion            |     1 |       |     1 |     1 ||     3
 Armour: Plate armour      |     1 |     4 |     5 |     2 ||    12
  Dodge: Dodged            |     4 |       |     3 |     4 ||    11
  Block: Kite shield       |     2 |     3 |    21 |    17 ||    43
